 Dungeon Crawl Stone Soup version 0.19-a0-1908-g43c011f (webtiles) character file.

42 Kaname the Magician (level 3, -1/24 HPs)
             Began as a High Elf Wanderer on Oct 22, 2016.
             Killed from afar by Ijyb (25 damage)
             ... with a wand of lightning
             ... on level 2 of the Dungeon.
             The game lasted 00:10:02 (3427 turns).

Kaname the Magician (High Elf Wanderer)             Turns: 3427, Time: 00:10:02

Health: -1/24      AC:  2    Str: 11    XL:     3   Next: 33%
Magic:  7/7        EV: 11    Int: 18    God:
Gold:   47         SH:  0    Dex: 13    Spells: 2 memorised, 2 levels left

rFire  . . .     SeeInvis .     o - +0 war axe
rCold  . . .     Gourm    .     d - +0 robe
rNeg   . . .     Faith    .     (no shield)
rPois  .         Spirit   .     (no helmet)
rElec  .         Reflect  .     (no cloak)
rCorr  .         Harm     .     (no gloves)
MR     .....                    (no boots)
Stlth  +.........               (no amulet)
                                (no ring)
                                (no ring)

@: no status effects
A: no striking features
a: no special abilities


You were on level 2 of the Dungeon.
You were very hungry.

You visited 1 branch of the dungeon, and saw 2 of its levels.

You collected 47 gold pieces.

Inventory:

Hand Weapons
 e - a +0 dagger
 o - a +0 war axe (weapon)
Missiles
 k - 3 stones (quivered)
Armour
 d - a +0 robe (worn)
Scrolls
 h - a scroll of remove curse
 i - a scroll of amnesia
Potions
 c - a potion of curing
 j - a potion of lignification {unknown}
 l - 2 potions of heal wounds
 m - a potion of haste
 n - a potion of might {unknown}
Books
 a - a book of Geomancy

   Spells                             Type                      Level
   a - Sandblast                      Earth                        1
   b - Passwall                       Transmutation/Earth          2
   c - Stone Arrow                    Conjuration/Earth            3
   d - Petrify                        Transmutation/Earth          4
   e - Lee's Rapid Deconstruction     Earth                        5
 b - the Guide on the Glacier

   Spells                             Type                      Level
   a - Throw Frost                    Conjuration/Ice              2
   b - Ensorcelled Hibernation        Hexes/Ice                    2
Comestibles
 f - 3 bread rations


   Skills:
 - Level 2.0 Fighting
   Level 1.0 Crossbows
 - Level 1.0 Throwing
   Level 1.0 Shields
 - Level 2.4 Spellcasting
   Level 2.1 Conjurations
 - Level 2.0 Hexes
 - Level 2.1 Transmutations
 + Level 0.4 Earth Magic


You had 2 spell levels left.
You knew the following spells:

 Your Spells              Type           Power        Failure   Level  Hunger
a - Ensorcelled Hibernat  Hex/Ice        #.....       17%         2    ##.....
b - Passwall              Tmut/Erth      #.........   17%         2    ##.....


Dungeon Overview and Level Annotations

Branches:
Dungeon (2/15)

Altars:

Annotations:
D:2 Ijyb


Message History

You see here a club.
You climb downwards.
Level annotation: Ijyb
There is a stone staircase leading up here.
The dart slug is too close now for your liking.
A dart slug is nearby!
A dart slug is nearby!
Ijyb shouts!
Casting: Ensorcelled Hibernation
Confirm with . or Enter, or press ? or * to list all spells.
Aiming: Ensorcelled Hibernation
Press: ? - help, Shift-Dir - straight line, f - Ijyb
Aim: Ijyb, wearing a scale mail and carrying a wand of lightning {zapped: 2} (chance to defeat MR: 46%)
Okay, then.
Unknown command.
Ijyb screams, "It's all mine!"
Ijyb screams, "Level is mine!
All mine!"
Ijyb zaps a wand.
The bolt of lightning hits you!
Ouch! That really hurt!
You die...

#....###### .[.....<#####.#
###..# ........### .#
#..###### ..#.......# ..
#.......#### . #.......# ##
##.####....# #.......$?
####+####....# #.......###
.........w...# #.......#
.##...####...#######.......#
..<...'..g......@.<#....!..#
.##...####...#######.g.....#
.##...# #...# .##...########
............ .###.#######
)###.# ..##.# #.##.#


You could see Ijyb and a dart slug (wandering).

Vanquished Creatures
  An ooze (D:1)
  2 dart slugs (D:1)
  3 leopard geckos
  A ball python (D:1)
  A giant cockroach (D:1)
  3 goblins
  4 hobgoblins (D:1)
  A quokka (D:1)
  4 bats
  A frilled lizard (D:1)
  3 kobolds
  6 rats
30 creatures vanquished.

Notes
Turn   | Place    | Note
-------+----------+-------------------------------------------
     0 | D:1      | Kaname the High Elf Wanderer began the quest for the Orb.
     0 | D:1      | Kaname set off with: a book of Geomancy, the Guide on the Glacier, a potion of curing, a +0 robe, a +0 dagger, a bread ration
     0 | D:1      | Reached XP level 1. HP: 14/14 MP: 3/3
     0 | D:1      | Identified the Guide on the Glacier
   562 | D:1      | Reached XP level 2. HP: 19/19 MP: 6/6
   566 | D:1      | Learned a level 2 spell: Ensorcelled Hibernation
   569 | D:1      | Learned a level 2 spell: Passwall
  1128 | D:1      | Reached skill level 1 in Hexes
  1979 | D:1      | Reached XP level 3. HP: 9/24 MP: 3/7
  2865 | D:2      | Noticed Ijyb
  3427 | D:2      | Killed from afar by Ijyb

Vault maps used:
D:1:      minmay_arrival_semitransparent
D:2:      uniq_iyjb

Skill      XL: |  1  2  3 |
---------------+----------+-----
Spellcasting   | 2 |  2.4
Hexes          | 1 2 |  2.0
Fighting       | |  2.0
Crossbows      | |  1.0
Throwing       | |  1.0
Shields        | |  1.0
Conjurations   | |  2.1
Transmutations | |  2.1
Earth Magic    | |  0.4

Action                   || total
-------------------------++-------
Melee: Dagger            ||   182
       War axe           ||     5
 Cast: Ensorcelled Hiber ||    18
  Use: Scroll            ||     4
 Stab: Sleeping          ||     9
  Eat: Chunk             ||     8
Armor: Robe              ||    23
Dodge: Dodged            ||   108
